 Dungeon Crawl Stone Soup version 0.27.1-33-g824d729ab1 (webtiles) character file.

Game seed: 7440279751377727858

3077 Labrat the Thaumaturge (level 9, -1/66 HPs)
             Began as a Gnoll Hedge Wizard on Dec 21, 2021.
             Was a Follower of Vehumet.
             Slain by a death knight (23 damage)
             ... on level 7 of the Dungeon on Dec 22, 2021.
             The game lasted 00:39:46 (10778 turns).

Labrat the Thaumaturge (Gnoll Hedge Wizard)        Turns: 10778, Time: 00:39:47

Health: -1/66      AC:  5    Str: 10    XL:     9   Next: 89%
Magic:  24/30      EV: 14    Int: 17    God:    Vehumet [*.....]
Gold:   385        SH:  5    Dex: 11    Spells: 19/25 levels left

rFire    + + .     SeeInvis .   o - +4 club
rCold    . . .     Faith    .   (no shield)
rNeg     . . .     Spirit   .   t - +1 robe {rF+}
rPois    .         Reflect  +   c - +0 hat
rElec    .         Harm     .   A - +0 cloak {rCorr}
rCorr    +         Rampage  .   (no gloves)
Will     .....                  u - +0 pair of boots
Stlth    +++.......             n - amulet of reflection
HPRegen  0.21/turn              x - ring of magical power
MPRegen  0.22/turn              E - ring of protection from fire

@: no status effects
A: fangs 1, strong nose, distributed training
a: Renounce Religion


You were on level 7 of the Dungeon.
You worshipped Vehumet.
Vehumet was aware of your devotion.
You visited 2 branches of the dungeon, and saw 8 of its levels.

You collected 385 gold pieces.

Inventory:

Hand Weapons
 o - a +4 club (weapon)
Missiles
 q - 47 poisoned darts
Armour
 c - a +0 hat (worn)
 t - a +1 robe of fire resistance (worn)
 u - a +0 pair of boots (worn)
 A - a +0 cloak of preservation (worn)
Jewellery
 l - a ring of ice
 n - an amulet of reflection (around neck)
 x - a ring of magical power (left hand)
 E - a ring of protection from fire (right hand)
Wands
 b - a wand of polymorph (4)
 w - a wand of iceblast (8)
Scrolls
 a - a scroll of amnesia
 d - 3 scrolls of magic mapping
 e - a scroll of identify
 f - a scroll of enchant weapon
 h - 4 scrolls of teleportation
 j - a scroll of acquirement
 p - a scroll of immolation
 r - a scroll of brand weapon
 y - 3 scrolls of fog
 z - a scroll of vulnerability {unknown}
 F - a scroll of torment {unknown}
Potions
 g - 2 potions of might
 i - 2 potions of flight {unknown}
 k - 4 potions of curing
 m - a potion of brilliance {unknown}
 s - a potion of invisibility {unknown}
 v - a potion of attraction {unknown}
 B - a potion of haste {unknown}
 C - a potion of berserk rage {unknown}
 D - a potion of degeneration {unknown}


   Skills:
 + Level 4.6 Fighting
 + Level 4.6 Short Blades
 + Level 4.6 Long Blades
 + Level 4.6 Axes
 + Level 4.6 Maces & Flails
 + Level 4.6 Polearms
 + Level 4.6 Staves
 + Level 4.6 Slings
 + Level 4.6 Bows
 + Level 4.6 Crossbows
 + Level 4.6 Throwing
 + Level 4.6 Armour
 + Level 6.6 Dodging
 + Level 6.3 Stealth
 + Level 4.6 Shields
 + Level 4.6 Unarmed Combat
 + Level 8.6 Spellcasting
 + Level 4.4 Conjurations
 + Level 3.8 Hexes
 + Level 4.4 Summonings
 + Level 3.8 Necromancy
 + Level 4.4 Translocations
 + Level 3.8 Transmutations
 + Level 3.8 Fire Magic
 + Level 3.8 Ice Magic
 + Level 3.8 Air Magic
 + Level 3.8 Earth Magic
 + Level 3.8 Poison Magic
 + Level 5.1 Invocations
 + Level 4.6 Evocations


You had 19 spell levels left.
You knew the following spells:

 Your Spells              Type           Power      Damage    Failure   Level
a - Magic Dart            Conj           88%        1d7       1%          1
b - Blink                 Tloc           N/A        N/A       2%          2
e - Mephitic Cloud        Conj/Pois/Air  21%        N/A       5%          3

Your spell library contained the following spells:

 Spells                   Type           Power      Damage    Failure   Level
 Freeze                   Ice            80%        1d9       1%          1
 Call Imp                 Summ           22%        N/A       2%          2
 Slow                     Hex            20%        N/A       3%          2
 Gell's Gravitas          Tloc           11%        N/A       4%          3
 Teleport Other           Tloc           22%        N/A       4%          3
 Conjure Flame            Conj/Fire      21%        6-21      5%          3
 Tukima's Dance           Hex            20%        N/A       6%          3
 Passage of Golubria      Tloc           N/A        N/A       16%         4
 Yara's Violent Unravell  Hex/Tmut       10%        3d6       50%         5
 Dispersal                Tloc           11%        N/A       94%         6


Dungeon Overview and Level Annotations

Branches:
Dungeon (7/15)             Temple (1/1) D:4

Altars:
Ashenzari
Cheibriados
Dithmenos
Elyvilon
Fedhas
Gozag
Hepliaklqana
Kikubaaqudgha
Makhleb
Nemelex Xobeh
Okawaru
Qazlal
Ru
Sif Muna
Trog
Uskayaw
Vehumet
Wu Jian
Xom
Yredelemnul
Zin
The Shining One

Shops:
D:6 ?


Innate Abilities, Weirdness & Mutations

You have very sharp teeth.
Your uncanny sense of smell can sniff out nearby items.
Your experience applies equally to all skills.


Message History

Aim: a death knight, wielding a +0 halberd and wearing a +0 chain mail (noxious fumes, moderately wounded, confused, very poisoned, 79% to hit)
You throw a poisoned dart.
The poisoned dart hits the death knight.
The death knight looks as sick as possible!
The death knight is moderately wounded.
The death knight is engulfed in noxious fumes.
The death knight appears confused.
Okay, then.
Search for what [? for help]? jav Can't find anything matching that.
Unknown command.
The death knight is engulfed in noxious fumes.
The death knight appears confused.
The death knight is engulfed in noxious fumes.
Casting: Mephitic Cloud (dangerous; 5% risk of failure)
Confirm with . or Enter, or press ? or * to list all spells.
Aiming: Mephitic Cloud (dangerous; 5% risk of failure)
Press: ? - help, Shift-Dir - straight line, f/p - death knight
Aim: a death knight, wielding a +0 halberd and wearing a +0 chain mail (moderately wounded, confused, extremely poisoned, chance to affect: 53%)
The ball explodes into a vile cloud!
The stinking cloud engulfs the death knight but does no damage.
The death knight is moderately wounded.
The death knight is engulfed in noxious fumes.
The death knight appears confused.
Unknown command.
Throw: 48 darts (poison)
Press: ? - help, Shift-Dir - straight line, f/p - death knight
Aim: a death knight, wielding a +0 halberd and wearing a +0 chain mail (noxious fumes, moderately wounded, confused, extremely poisoned, 79% to hit)
You throw a poisoned dart.
The poisoned dart hits the death knight.
The death knight looks as sick as possible!
The death knight is moderately wounded.
The death knight is engulfed in noxious fumes.
You hit the death knight but do no damage.
The death knight is moderately wounded.
The death knight is engulfed in noxious fumes.
The death knight hits you with a +0 halberd!!
The death knight is engulfed in noxious fumes.
The death knight hits you with a +0 halberd!!
You die...

#.##.#.......#
#....#..####.#
#.##..[...##.##
.....#..#.....####
#.......##.......#
#.####.###....##.#
...# #........##.#
#..# #####$.#..#.#
#..#######..##○#@#
...##........°○p$#
...##........(○°.#
..........####.###
...##.....# #...
..###.....##(...
### #########...
##


You could see a death knight (confused, extremely poisoned).

Vanquished Creatures
  12 yaks
  A water moccasin (D:7)
  Purgy (D:3)
  3 bullfrogs
  Blork the orc (D:4)
  3 scorpions
  A gnoll sergeant (D:6)
  A water moccasin skeleton (D:5)
  A centaur zombie (D:7)
  3 hounds (D:6)
  An orc priest (D:6)
  Crazy Yiuf (D:5)
  2 bullfrog skeletons
  A centaur skeleton (D:7)
  A gnoll shaman (D:7)
  2 iguanas (D:6)
  Jessica (D:2)
  6 orc wizards
  A hound skeleton (D:4)
  3 adders
  9 gnolls
  A white imp (D:6)
  2 ufetubi
  A worm (D:2)
  A dart slug (D:2)
  10 orcs
  3 ball pythons
  3 endoplasms
  5 giant cockroaches
  2 goblins
  9 hobgoblins
  2 jackals (D:1)
  3 quokkas
  8 bats
  2 frilled lizards
  6 kobolds
  3 rats
116 creatures vanquished.

Vanquished Creatures (others)
  A kobold (D:4)
  2 plants (D:2)
  2 withered plants (D:2)
5 creatures vanquished.

Grand Total: 121 creatures vanquished

Notes
Turn   | Place    | Note
-------+----------+-------------------------------------------
     0 | D:1      | Labrat the Gnoll Hedge Wizard began the quest for the Orb.
     0 | D:1      | Reached XP level 1. HP: 13/13 MP: 8/8
   327 | D:1      | Reached XP level 2. HP: 19/19 MP: 6/10
   492 | D:1      | Learned a level 2 spell: Blink
  1131 | D:2      | Noticed Jessica
  1372 | D:2      | Reached XP level 3. HP: 23/25 MP: 3/11
  1376 | D:2      | Learned a level 3 spell: Mephitic Cloud
  1723 | D:2      | Reached skill level 1 in Invocations
  1901 | D:2      | Reached skill level 1 in Fighting
  1901 | D:2      | Reached skill level 1 in Short Blades
  1901 | D:2      | Reached skill level 1 in Long Blades
  1901 | D:2      | Reached skill level 1 in Axes
  1901 | D:2      | Reached skill level 1 in Maces & Flails
  1901 | D:2      | Reached skill level 1 in Polearms
  1901 | D:2      | Reached skill level 1 in Staves
  1901 | D:2      | Reached skill level 1 in Slings
  1901 | D:2      | Reached skill level 1 in Bows
  1901 | D:2      | Reached skill level 1 in Crossbows
  1901 | D:2      | Reached skill level 1 in Throwing
  1901 | D:2      | Reached skill level 1 in Armour
  1901 | D:2      | Reached skill level 1 in Shields
  1901 | D:2      | Reached skill level 1 in Unarmed Combat
  1901 | D:2      | Reached skill level 1 in Evocations
  2397 | D:2      | Found a faded altar of an unknown god.
  2742 | D:3      | Reached XP level 4. HP: 32/32 MP: 11/13
  2864 | D:2      | Killed Jessica
  3018 | D:3      | Reached skill level 1 in Hexes
  3018 | D:3      | Reached skill level 1 in Necromancy
  3018 | D:3      | Reached skill level 1 in Transmutations
  3018 | D:3      | Reached skill level 1 in Fire Magic
  3018 | D:3      | Reached skill level 1 in Ice Magic
  3018 | D:3      | Reached skill level 1 in Air Magic
  3018 | D:3      | Reached skill level 1 in Earth Magic
  3018 | D:3      | Reached skill level 1 in Poison Magic
  3206 | D:3      | Noticed Purgy
  3553 | D:3      | Reached XP level 5. HP: 18/37 MP: 9/14
  3901 | D:3      | Killed Purgy
  4254 | D:4      | Noticed a yak
  4322 | D:4      | Found an opulent altar of Gozag.
  4333 | D:4      | Reached XP level 6. HP: 30/44 MP: 11/16
  4549 | D:4      | Noticed Blork the orc
  4570 | D:4      | Killed Blork the orc
  4571 | D:4      | Reached skill level 5 in Dodging
  4770 | D:4      | Noticed a yak
  4839 | D:4      | Found a staircase to the Ecumenical Temple.
  4848 | D:4      | Noticed a yak
  4853 | D:4      | Noticed a yak
  4853 | D:4      | Noticed a yak
  4857 | D:4      | Noticed a yak
  4949 | Temple   | Entered the Ecumenical Temple
  4999 | Temple   | Became a worshipper of Vehumet
  5010 | Temple   | Killed a yak
  5011 | Temple   | Reached XP level 7. HP: 50/50 MP: 1/18
  5176 | Temple   | Killed a yak
  5602 | D:4      | Killed a yak
  5603 | D:4      | Reached skill level 5 in Stealth
  5791 | D:4      | Killed a yak
  5792 | D:4      | Reached XP level 8. HP: 46/57 MP: 19/19
  5797 | D:4      | Killed a yak
  5806 | D:4      | Killed a yak
  6012 | D:5      | Entered Level 5 of the Dungeon
  6123 | D:5      | Noticed a yak
  6123 | D:5      | Noticed a yak
  6124 | D:5      | Noticed a yak
  6130 | D:5      | Noticed a yak
  6131 | D:5      | Noticed a yak
  6162 | D:4      | Killed a yak
  6295 | D:4      | Killed a yak
  6296 | D:4      | Reached skill level 8 in Spellcasting
  6312 | D:5      | Noticed a yak
  6335 | D:4      | Killed a yak
  6461 | D:4      | Killed a yak
  6462 | D:4      | Reached XP level 9. HP: 55/65 MP: 20/21
  7433 | D:5      | Found a runed translucent door.
  7434 | D:5      | Noticed Crazy Yiuf
  7854 | D:5      | Killed Crazy Yiuf
  8390 | D:6      | Identified a scroll of acquirement
  9344 | D:6      | Found Ahuveqegol's Magic Scroll Shoppe.
  9419 | D:6      | Found a shadowy altar of Dithmenos.
  9419 | D:6      | Found a burning altar of Makhleb.
  9905 | D:7      | Reached skill level 5 in Invocations
 10010 | D:7      | Noticed a death knight
 10488 | D:7      | Reached * piety under Vehumet
 10488 | D:7      | Offered knowledge of Freeze by Vehumet.
 10620 | D:7      | Found a stormy altar of Qazlal.
 10778 | D:7      | Slain by a death knight

Illustrated notes

Levels and vault maps discovered:
D:1:      dpeg_arrival_connections, layout_loops_corners
D:2:      minmay_recursive_quarters, layout_basic,
          shapermc_ecumenical_altar_flowoftime, minmay_hexomino_f4, uniq_jessica
D:3:      layout_rooms, minmay_ruptured, uniq_purgy
D:4:      layout_basic, kennysheep_little_box, minmay_temple_entry_stoned_glass,
          uniq_blork_the_orc
D:5:      layout_loops_ring, uniq_crazy_yiuf_cottage
D:6:      layout_loops_cross, amethyst_overflow_temple_binary, serial_shops,
          nicolae_square_shop, minmay_a_box_with_orc_wizards_in_it
D:7:      layout_loops_cross, nicolae_qazlal_eye_of_the_storm, dk_noncrumbling_2
Temple:   compressed_dpeg_circular_temple

Skill      XL: |  1  2  3  4  5  6  7  8  9 |
---------------+----------------------------+-----
Conjurations   | 2 3 4 |  4.4
Summonings     | 2 3 4 |  4.4
Translocations | 2 3 4 |  4.4
Invocations    | 1 2 3 4 5 |  5.1
Fighting       | 1 2 3 4 |  4.6
Short Blades   | 1 2 3 4 |  4.6
Long Blades    | 1 2 3 4 |  4.6
Axes           | 1 2 3 4 |  4.6
Maces & Flails | 1 2 3 4 |  4.6
Polearms       | 1 2 3 4 |  4.6
Staves         | 1 2 3 4 |  4.6
Slings         | 1 2 3 4 |  4.6
Bows           | 1 2 3 4 |  4.6
Crossbows      | 1 2 3 4 |  4.6
Throwing       | 1 2 3 4 |  4.6
Armour         | 1 2 3 4 |  4.6
Shields        | 1 2 3 4 |  4.6
Unarmed Combat | 1 2 3 4 |  4.6
Evocations     | 1 2 3 4 |  4.6
Hexes          | 1 2 3 |  3.8
Necromancy     | 1 2 3 |  3.8
Transmutations | 1 2 3 |  3.8
Fire Magic     | 1 2 3 |  3.8
Ice Magic      | 1 2 3 |  3.8
Air Magic      | 1 2 3 |  3.8
Earth Magic    | 1 2 3 |  3.8
Poison Magic   | 1 2 3 |  3.8
Dodging        | 5 6 |  6.6
Stealth        | 5 6 |  6.3
Spellcasting   | 8 |  8.6

Action                   |  1- 3 |  4- 6 |  7- 9 || total
-------------------------+-------+-------+-------++-------
Melee: Dagger            |    52 |     1 |       ||    53
       Bite              |     6 |     4 |    25 ||    35
       Club              |       |    80 |   267 ||   347
       Punch             |       |     1 |     3 ||     4
Throw: Dart              |       |    21 |    29 ||    50
 Cast: Magic Dart        |    83 |    65 |   138 ||   286
       Mephitic Cloud    |       |     8 |    39 ||    47
       Blink             |       |     5 |    11 ||    16
Evoke: Wand              |       |       |     3 ||     3
  Use: Scroll            |       |       |     9 ||     9
 Stab: Sleeping          |     5 |     2 |     4 ||    11
       Confused          |       |     2 |    21 ||    23
Armor: Robe              |     8 |    17 |    35 ||    60
Dodge: Dodged            |    40 |    68 |   132 ||   240
Block: Other             |       |    28 |    50 ||    78
       Reflection        |       |     1 |       ||     1
